 Dungeon Crawl Stone Soup version 0.26.1-11-gd32895ea62 (webtiles) character file.

Game seed: 8691182236642332614

45 vvl the Caller (level 3, -3/26 HPs)
             Began as a Merfolk Summoner on June 9, 2021.
             Slain by Crazy Yiuf
             ... wielding a +2 quarterstaff of chaos
              (20 damage)
             ... on level 2 of the Dungeon.
             The game lasted 00:08:24 (3497 turns).

vvl the Caller (Merfolk Summoner)                   Turns: 3497, Time: 00:08:28

Health: -3/26      AC:  4    Str: 15    XL:     3   Next: 64%
Magic:  3/6        EV: 12    Int: 14    God:
Gold:   69         SH:  5    Dex: 14    Spells: 5/6 levels left

rFire    . . .     SeeInvis .   f - +0 dagger (speed)
rCold    . . .     Faith    .   (no shield)
rNeg     . . .     Spirit   .   d - +0 leather armour
rPois    .         Reflect  +   n - +0 helmet
rElec    .         Harm     .   (no cloak)
rCorr    .         Rampage  .   (no gloves)
Will     .....                  (no boots)
Stlth    ++........             i - amulet of reflection
HPRegen  0.08/turn              c - +6 ring of strength
MPRegen  0.10/turn              (no ring)

@: no status effects
A: change form in water, swift swim, stealthy swim
a: no special abilities


You were on level 2 of the Dungeon.
You visited 1 branch of the dungeon, and saw 2 of its levels.

You collected 69 gold pieces.

Inventory:

Hand Weapons
 f - a +0 dagger of speed (weapon)
Armour
 d - a +0 leather armour (worn)
 n - a +0 helmet (worn)
Jewellery
 c - a +6 ring of strength (left hand)
 i - an amulet of reflection (around neck)
 m - an uncursed amulet of faith
Scrolls
 e - a scroll of magic mapping {unknown}
 g - a scroll of teleportation {unknown}
 h - 2 scrolls of identify {unknown}
 k - a scroll of enchant weapon {unknown}
Potions
 a - 2 potions of curing {unknown}
 b - a potion of flight {unknown}
 j - a potion of degeneration {unknown}
 l - a potion of heal wounds {unknown}


   Skills:
 + Level 1.0 Fighting
 * Level 2.5 Polearms
 - Level 2.6 Dodging
 - Level 2.1 Stealth
 - Level 2.0 Spellcasting
 * Level 4.4 Summonings
 + Level 1.2 Invocations


You had 5 spell levels left.
You knew the following spells:

 Your Spells              Type           Power        Failure   Level
a - Summon Small Mammal   Summ           52%          4%          1

Your spell library contained the following spells:

 Spells                   Type           Power        Failure   Level
 Call Imp                 Summ           13%          7%          2
 Call Canine Familiar     Summ           13%          14%         3
 Summon Guardian Golem    Hex/Summ       7%           34%         3
 Summon Ice Beast         Ice/Summ       7%           75%         4
 Summon Lightning Spire   Summ/Air       7%           75%         4


Dungeon Overview and Level Annotations

Branches:
Dungeon (2/15)

Altars:

Annotations:
D:2 Crazy Yiuf


Message History

You see here 13 sling bullets.
Found an escape hatch in the floor.
Found a mace.
Found a runed translucent door.
You open the door.
There is an open translucent door here.
Crazy Yiuf shouts!
You block Crazy Yiuf's attack.
Your quokka bites Crazy Yiuf but does no damage.
Crazy Yiuf barely misses you.
You barely miss Crazy Yiuf.
Your bat hits Crazy Yiuf but does no damage.
Your quokka barely misses Crazy Yiuf.
You hit Crazy Yiuf.
Crazy Yiuf is lightly wounded.
Your bat hits Crazy Yiuf but does no damage.
Your rat bites Crazy Yiuf.
Crazy Yiuf hits you with a +2 quarterstaff of chaos!
You are electrocuted!!
Ouch! That really hurt!
You die...

♣....♣ #.# #####
♣...♣♣ #.####...#
♣♣.♣♣ #........#
♣.♣♣ #.####..>#
♣♣.♣ #.# ##.##
♣.♣♣ #.# #.###
♣♣.♣ #.# #....
##'## #.# #####
#@r.# #.# #.
#g..# #.. #.
#br)# #.. #.
##### #.
##########.
#######..........
#......#########.
#.#...## #(
########.##.##
##.


You could see Crazy Yiuf, a friendly quokka (summoned), a friendly bat
(summoned) and a friendly rat (summoned).

Vanquished Creatures
  An adder (D:2)
  A dart slug (D:1)
  2 leopard geckos
  2 goblins
  2 hobgoblins (D:1)
  A jackal (D:1)
  A quokka (D:2)
  A ball python (D:2)
  3 bats
  3 frilled lizards
  A kobold (D:1)
  2 rats
20 creatures vanquished.

Vanquished Creatures (collateral kills)
  A worm (D:2)
  A goblin (D:2)
  2 hobgoblins (D:1)
  7 jackals (D:1)
  A kobold (D:2)
  A frilled lizard (D:1)
  2 rats
15 creatures vanquished.

Grand Total: 35 creatures vanquished

Notes
Turn   | Place    | Note
-------+----------+-------------------------------------------
     0 | D:1      | vvl the Merfolk Summoner began the quest for the Orb.
     0 | D:1      | Reached XP level 1. HP: 13/13 MP: 3/3
   728 | D:1      | Reached skill level 1 in Polearms
   861 | D:1      | Reached XP level 2. HP: 19/19 MP: 1/5
  2212 | D:2      | Reached skill level 1 in Invocations
  2212 | D:2      | Reached XP level 3. HP: 19/25 MP: 4/6
  2734 | D:2      | Reached skill level 1 in Fighting
  3486 | D:2      | Found a runed translucent door.
  3487 | D:2      | Noticed Crazy Yiuf
  3497 | D:2      | Slain by Crazy Yiuf

Illustrated notes

Levels and vault maps discovered:
D:1:      dpeg_arrival_erosion, layout_basic
D:2:      layout_loops_ring, uniq_crazy_yiuf_cottage

Skill      XL: |  1  2  3 |
---------------+----------+-----
Polearms       | 1 2 |  2.5
Invocations    | 1 |  1.2
Fighting       | 1 |  1.0
Dodging        | |  2.6
Stealth        | |  2.1
Spellcasting   | |  2.0
Summonings     | |  4.4

Action                   || total
-------------------------++-------
Melee: Unarmed           ||    39
       Short sword       ||    29
       Dagger            ||    87
 Cast: Summon Small Mamm ||    28
 Stab: Sleeping          ||     3
Armor: Robe              ||    13
       Leather armour    ||    17
Dodge: Dodged            ||   103
Block: Other             ||     1
